Cogmind - Beta 9.6 @@@ ROGUE MODE // 2020.04.20 @ 08:58:03 Player: Vectis Result: Destroyed by Y-72 Warden with Railgun Performance ------------- Evolutions (7) 3500 Regions Visited (23) 4600 Robots Destroyed (320) 1600 Value Destroyed (13473) 13473 Prototype IDs (15) 300 Alien Tech Used (0) 0 Bonus (7451) 7451 TOTAL SCORE: 30924 Bonus ------- High Alert Combat Kills 722 Follower Combat Kills 1975 Entered Garrisons 1200 Used RIF Installer 3000 Built Enhanced Grunts 300 Met R17 at Cetus 500 Friendly Fire -246 Cogmind --------- Core Integrity 0/1300 Matter 276/300 Energy 100/100 System Corruption 15% Temperature Cool (9) Movement Core (100) Ox1 Location -3/Research Parts ------- > --- POWER (2) -------- (None) > --- PROPULSION (6) --- (None) > --- UTILITY (10) ----- Improved Target Analyzer Relay Coupler [ARC] (16) > --- WEAPON (3) ------- KE Penetrator > --- INVENTORY (4) ---- Medium Storage Unit Improved Energy Well (600) Improved Focal Shield Peak State ------------ > --- POWER ------------ Reinforced Fission Core Light Antimatter Reactor > --- PROPULSION ------- Antigrav System Improved Antigrav System Improved Gyrokinetic Inverter Improved Gyrokinetic Inverter Improved Linear Gravjet Improved Linear Gravjet > --- UTILITY ---------- Advanced Heat Sink Experimental Heat Sink Improved Coolant Injector Improved Coolant Injector Large Storage Unit Improved Target Analyzer Advanced Target Analyzer Improved Core Analyzer Relay Coupler [ARC] Relay Coupler [Brawler] > --- WEAPON ----------- Enhanced Nova Cannon Enhanced Nova Cannon Enhanced Nova Cannon > --- INVENTORY -------- Particle Reactor Improved Antigrav System Improved Linear Gravjet Medium Storage Unit Compact Battery Enhanced Nova Cannon Enhanced Nova Cannon Railgun Gamma Bomb Array Advanced Remote Datajack [Rating: 138] Favorites ----------- Power Enhanced Nuclear Core Engine Reinforced Deuterium Engine Power Core Enhanced Nuclear Core Reactor Light Antimatter Reactor Propulsion Carbon-fiber Leg Treads Light Treads Leg Carbon-fiber Leg Wheel Wheel Hover Unit Linear Gravjet Flight Unit Field Propulsion Drive Utility Large Storage Unit Device Improved Coolant Injector Storage Large Storage Unit Processor Improved Core Analyzer Hackware Hacking Suite Protection Hardened Medium Armor Plating Weapon Beam Cannon Energy Gun Plasma Rifle Energy Cannon Beam Cannon Ballistic Gun Gauss Rifle Ballistic Cannon Advanced Assault Cannon Launcher Heavy Rocket Launcher Special Weapon Improved Remote Datajack Impact Weapon Power Maul Slashing Weapon Axe Special Melee Weapon Improved Datajack Build | -11 -10 -9 -8 -8 -8 -7 -7 -7 -7 -6 -6 -6 -6 -6 -6 -5 -5 -4 -4 -4 -3 -3 -3 ------- Run | Scr Mat Mat Mat Gar Mat Fac Gar Fac Gar Fac Ext Cet Arc Hub Gar Fac Gar Fac Was Fac Res Gar Res Slots Evolved 14 | . . 2 2 . . 2 . . . 2 . . . . . 2 . 2 . . 2 . . Power 1 | . . . . . . 1 . . . . . . . . . . . . . . . . . Propulsion 4 | . . . 2 . . 1 . . . . . . . . . . . . . . 1 . . Utility 8 | . . 1 . . . . . . . 2 . . . . . 2 . 2 . . 1 . . Weapon 1 | . . 1 . . . . . . . . . . . . . . . . . . . . . Parts Attached 520 | 9 20 31 7 12 33 12 9 14 11 37 42 10 8 19 15 44 47 30 4 21 15 44 26 Power 51 | 1 1 5 1 . 2 1 . 1 1 4 8 1 . 1 2 4 4 2 . 3 1 5 3 Engine 15 | 1 1 5 1 . 1 . . . . 4 1 . . 1 . . . . . . . . . Core 25 | . . . . . 1 1 . 1 1 . 7 . . . 2 4 3 2 . 1 . 1 1 Reactor 11 | . . . . . . . . . . . . 1 . . . . 1 . . 2 1 4 2 Propulsion 158 | 3 10 5 2 4 13 5 4 8 5 13 13 3 1 10 10 11 13 4 . 6 2 7 6 Treads 23 | 1 5 3 . . 5 5 3 . . . . . . . . . . . . . . . 1 Leg 89 | 2 1 2 2 4 8 . 1 8 5 13 13 3 1 10 7 . 7 . . . . . 2 Wheel 2 | . . . . . . . . . . . . . . . . 2 . . . . . . . Hover 35 | . . . . . . . . . . . . . . . . 7 6 4 . 6 2 7 3 Flight 9 | . 4 . . . . . . . . . . . . . 3 2 . . . . . . . Utility 140 | 2 3 10 1 2 5 . 1 2 2 12 11 5 3 2 2 18 8 14 3 4 7 15 8 Device 61 | . . 4 . 1 1 . . 1 1 5 6 . 2 2 1 8 3 10 1 3 4 4 4 Storage 22 | 1 1 1 1 . . . . . . 4 . 1 1 . 1 3 . 1 . 1 1 4 1 Processor 16 | 1 2 . . . . . . . . . 1 1 . . . 6 1 . . . . 1 3 Hackware 18 | . . 3 . . . . 1 . . 1 . . . . . 1 3 2 . . 2 5 . Protection 23 | . . 2 . 1 4 . . 1 1 2 4 3 . . . . 1 1 2 . . 1 . Artifact . | . . . . . . . . . . . . . . . . . . . . . . . . Weapon 171 | 3 6 11 3 6 13 6 4 3 3 8 10 1 4 6 1 11 22 10 1 8 5 17 9 Energy Gun 43 | 3 1 3 . 3 4 . 1 . . 2 4 . 2 2 . . 3 5 1 4 1 2 2 Energy Cannon 40 | . 2 4 . . 1 3 1 1 . 1 . . . 1 . 4 7 . . 1 3 7 4 Ballistic Gun 22 | . . 1 . . 2 2 . 1 1 1 . . . 1 1 . 5 2 . 2 . 1 2 Ballistic Cannon 31 | . . 1 . 2 2 1 . 1 2 4 6 1 2 2 . 5 2 . . . . . . Launcher 21 | . 3 2 2 1 4 . 2 . . . . . . . . 1 . . . . . 5 1 Special Weapon 9 | . . . . . . . . . . . . . . . . . 2 3 . 1 1 2 . Impact Weapon 1 | . . . . . . . . . . . . . . . . . 1 . . . . . . Slashing Weapon 1 | . . . 1 . . . . . . . . . . . . . . . . . . . . Piercing Weapon . | . . . . . . . . . . . . . . . . . . . . . . . . Special Melee Weapon 3 | . . . . . . . . . . . . . . . . 1 2 . . . . . . Unidentified Prototypes 13 | . . 1 . . 3 . . . . . . 2 . 1 . . . . 1 . 1 1 3 Parts Lost 147 | . . 4 . 3 6 1 5 1 6 14 5 1 3 9 14 5 10 5 . 7 4 26 18 Power 14 | . . . . . . . . . 1 3 1 . . . 1 1 2 . . . . 3 2 Propulsion 53 | . . . . 2 4 . 4 . 2 6 1 . 1 3 8 2 3 2 . 2 1 7 5 Utility 28 | . . . . . . . . . . 1 1 . 1 1 2 1 1 2 . 1 1 9 7 Weapon 52 | . . 4 . 1 2 1 1 1 3 4 2 1 1 5 3 1 4 1 . 4 2 7 4 Highest Loss Streak 17 | . . 4 . 3 2 1 3 1 2 8 3 1 3 4 7 2 3 3 . 6 2 15 17 Average Slot Usage (%) 95 | . 99 99 100 99 99 100 99 99 98 95 99 99 99 98 55 66 97 98 100 98 92 89 71 Engine 5 | . 14 11 9 9 7 . . . . 8 5 6 6 9 3 . . . . . . . . Core 4 | . . . . . 1 15 15 15 13 3 6 . . . 3 5 7 10 10 9 3 2 4 Reactor 1 | . . . . . . . . . . . . 5 6 2 . . 1 . . . 5 6 2 Treads 5 | . 23 12 . . 6 38 36 1 . . . . . . . . . . . . . . 1 Leg 18 | . 2 9 36 36 29 . 1 36 37 31 32 33 33 32 19 3 17 . . . . . 1 Hover 5 | . . . . . . . . . . . . . . . . 14 10 25 26 25 26 24 12 Device 8 | . . 10 9 8 9 7 7 7 7 13 12 10 10 13 8 6 5 15 10 7 12 11 4 Storage 9 | . 11 11 9 9 9 7 7 7 7 12 13 13 13 13 9 3 5 8 10 13 14 6 3 Processor 5 | . 16 . . . . . . . . . . 1 . . . 17 18 10 10 10 9 12 16 Hackware 3 | . . . . . . . 5 2 . . . . . . . 3 8 9 10 10 10 10 17 Protection 4 | . . 10 9 9 8 7 2 4 7 5 6 6 8 5 . . . . 5 3 . . . Energy Gun 4 | . 5 8 9 6 4 7 3 1 . 3 6 1 3 5 2 . . 10 15 10 . 1 . Energy Cannon 5 | . 14 12 9 3 2 10 14 18 1 . . . . 1 . 3 7 . . . 8 5 1 Ballistic Gun 1 | . . 1 . . 2 . . 1 1 3 . . . . 2 . 3 3 . 4 . . . Ballistic Cannon 6 | . . 7 2 10 11 2 . . 19 9 13 18 15 12 . . 1 . . . . . . Launcher 2 | . 8 2 1 6 6 . 3 . . . . . . . . . . . . . . 2 1 Naked Turns . | . . . . . . . . . . . . . . . . . . . . . . . . Heaviest Build 96 | 11 28 42 44 56 56 51 51 57 57 71 83 95 96 85 61 67 62 65 64 66 85 96 65 Greatest Support 100 | 20 40 40 56 58 80 100 100 85 84 80 93 93 83 83 80 67 90 85 85 91 88 93 59 Greatest Overweight (x) 2 | . 1 1 . . 1 . . 1 . 1 1 1 1 1 . 1 . . . . . 1 2 Average Overweight (x) . | . . . . . . . . . . . . . . . . . . . . . . . . Largest Inventory Capacity 18 | 6 10 10 10 10 10 10 10 10 10 10 10 10 10 10 10 18 10 10 10 14 14 14 4 Average Capacity 9 | 5 8 10 10 10 10 10 10 10 10 10 10 10 10 10 7 9 10 10 10 12 14 9 4 Most Carried 14 | 4 10 10 10 10 10 10 10 10 10 10 10 10 10 10 9 12 10 10 10 14 14 11 4 Average Carried 9 | 3 6 9 9 9 9 8 9 9 9 8 9 9 8 9 4 7 9 9 9 10 13 8 3 Final Capacity 14 | 6 10 10 10 10 10 10 10 10 10 10 10 10 10 10 4 10 10 10 10 14 14 4 4 Final Carried 14 | 4 10 10 10 10 10 10 10 10 10 10 10 10 9 9 1 8 10 10 10 14 11 4 3 Class Distribution -------------------- 25% | Scavenger-Tank 20% | Tank 19% | Mutant 12% | Scavenger-Gunner 9% | Scavenger-Mutant 4% | Bothacker-Gunner Dominant Class ---------------- Mutant | -10/Materials Tank | -9/Materials Mutant | -8/Materials Tank | -8/Garrison Tank | -8/Materials Scavenger-Tank | -7/Factory Scavenger-Gunner | -7/Garrison Tank | -7/Factory Tank | -7/Garrison Scavenger-Tank | -6/Factory Scavenger-Tank | -6/Extension Scavenger-Tank | -6/Cetus Scavenger-Tank | -6/Archives Scavenger-Tank | -6/Hub_04(d) Scavenger-Mutant | -6/Garrison Mutant | -5/Factory Scavenger-Gunner | -5/Garrison Bothacker-Gunner | -4/Factory Scavenger-Gunner | -4/Waste Bothacker-Gunner | -4/Factory Scavenger-Gunner | -3/Research Scavenger-Gunner | -3/Garrison Mutant | -3/Research Resources | -11 -10 -9 -8 -8 -8 -7 -7 -7 -7 -6 -6 -6 -6 -6 -6 -5 -5 -4 -4 -4 -3 -3 -3 ----------- Run | Scr Mat Mat Mat Gar Mat Fac Gar Fac Gar Fac Ext Cet Arc Hub Gar Fac Gar Fac Was Fac Res Gar Res Matter Collected 11594 | 290 239 560 . 518 920 211 419 161 422 1718 1578 417 260 710 88 523 731 381 56 213 189 583 407 Remotely . | . . . . . . . . . . . . . . . . . . . . . . . . Salvage Created 14423 | 124 601 1126 14 550 670 211 542 168 422 1808 1328 69 113 964 88 665 706 748 1069 479 195 1179 584 Parts 650 | 14 44 80 5 33 43 7 21 7 18 76 53 3 1 38 6 21 35 35 14 18 8 40 30 Haulers Intercepted 8 | . 1 1 . . 3 . . . . 1 . . . . . 2 . . . . . . . Recyclers Shooed 19 | 1 . 1 . . . . . . . 9 3 . . 1 . 3 . . . 1 . . . Parts Field Recycled . | . . . . . . . . . . . . . . . . . . . . . . . . Retrieved Matter . | . . . . . . . . . . . . . . . . . . . . . . . . Parts Self-Destructed . | . . . . . . . . . . . . . . . . . . . . . . . . Prevented . | . . . . . . . . . . . . . . . . . . . . . . . . Kills | -11 -10 -9 -8 -8 -8 -7 -7 -7 -7 -6 -6 -6 -6 -6 -6 -5 -5 -4 -4 -4 -3 -3 -3 ------- Run | Scr Mat Mat Mat Gar Mat Fac Gar Fac Gar Fac Ext Cet Arc Hub Gar Fac Gar Fac Was Fac Res Gar Res Combat Hostiles Destroyed 228 | . 11 30 . 18 11 3 17 3 14 16 22 4 3 13 3 2 18 10 4 2 3 16 5 Melee 1 | . . . . . . . . . . . . . . . . . . . . . . 1 . Guns 64 | . 4 8 . 5 3 3 1 2 1 8 3 1 . 2 3 . 2 9 4 2 . 3 . Cannons 121 | . 2 12 . 9 5 . 7 1 12 8 19 3 3 11 . 2 16 . . . 3 7 1 AOE 34 | . 5 10 . 4 2 . 9 . . . . . . . . . . 1 . . . 3 . Classes Destroyed 18 | 3 5 1 1 1 1 . 1 . 1 1 . . . . . . 2 . 1 . . . . Worker 26 | 1 3 . . . 4 . . . . 11 . . . 2 . 2 . 2 . . . . 1 Builder 12 | . . . 1 . 2 . . . . 3 1 . . 2 . . . . . 2 . . 1 Tunneler 5 | 3 1 . . . . . . . . 1 . . . . . . . . . . . . . Hauler 8 | . 1 1 . . 3 . . . . 1 . . . . . 2 . . . . . . . Recycler 19 | 1 . 1 . . 1 . . . . 6 3 . . 2 . 2 . . . 2 . . 1 Operator 8 | . 2 1 . . . . . . . 1 1 . . . . 2 . . . 1 . . . Watcher 14 | . 3 5 . 1 . . . . . 1 . . . 1 . 1 . 1 . . . 1 . Swarmer 64 | . 6 11 . 7 3 . 11 . 3 . 4 4 . . 3 . 8 . . . . 3 1 Grunt 88 | . 5 12 . 5 3 . 4 2 6 13 10 . . 10 . . 2 7 . . 1 7 1 Brawler 2 | . . . . 1 . . . 1 . . . . . . . . . . . . . . . Duelist 3 | . . . . . . . 1 . . . . . . 2 . . . . . . . . . Sentry 43 | . . 7 . 5 4 3 . . 3 1 7 . 3 1 . . 2 1 . 1 2 2 1 Demolisher 1 | . . . . . . . . . . . . . . . . . 1 . . . . . . Specialist 2 | . . . . . . . . . 1 . . . . . . . . . . . . 1 . Hunter 7 | . . . . . 1 . 1 . 1 . . . . . . . 2 . . . . . 2 Programmer 11 | . . . . . . . . . . 2 . . . . . 2 2 2 . 1 . 2 . Behemoth 2 | . . . . . . . . . . . . . . . . . 1 . . . . 1 . Compactor 4 | . . . . . . . . . . . . . . . . . . . 4 . . . . Thug 1 | . . . . . . . . . . . 1 . . . . . . . . . . . . Best Kill Streak 11 | 3 7 11 1 9 5 2 4 3 3 10 7 3 3 7 3 3 5 8 1 3 1 3 3 Combat Bots Only 9 | . 3 8 . 9 4 2 4 3 3 5 7 3 3 4 3 2 5 7 1 1 1 2 2 Max Kills in Single Turn 4 | 1 4 3 1 3 2 1 3 1 1 4 2 1 1 2 1 1 2 2 1 2 1 2 1 Gunslinging . | . . . . . . . . . . . . . . . . . . . . . . . . Exploded 3 | . 3 3 . 2 1 . 3 . . . . . . . . . . 1 . . . 1 . Melee 1 | . . . . . . . . . . . . . . . . . . . . . . 1 . Uniques/NPCs Destroyed . | . . . . . . . . . . . . . . . . . . . . . . . . Combat | -11 -10 -9 -8 -8 -8 -7 -7 -7 -7 -6 -6 -6 -6 -6 -6 -5 -5 -4 -4 -4 -3 -3 -3 -------- Run | Scr Mat Mat Mat Gar Mat Fac Gar Fac Gar Fac Ext Cet Arc Hub Gar Fac Gar Fac Was Fac Res Gar Res Damage Taken 24359 | . 237 734 129 932 1440 727 1041 186 1925 2079 1042 489 851 2047 1058 427 1828 775 . 722 638 2771 2281 Core 3387 | . 17 58 . 154 158 92 136 26 200 107 110 38 23 129 309 18 303 88 . 106 74 365 876 Absorbed by Shields 1721 | . . . . . . . . . 20 529 687 185 . . 156 . 26 118 . . . . . Core Remaining (%) 65 | 100 93 85 . . 43 . . . 35 . . . . . 15 . 67 . . 83 . . . Volleys Fired 870 | 10 28 64 4 36 60 15 44 9 45 98 66 22 13 41 11 31 57 45 28 14 34 73 22 Largest 3 | 2 2 3 3 3 3 3 3 3 3 3 3 3 3 3 1 3 3 3 3 3 2 3 3 Hottest 360 | 100 120 180 149 207 164 204 191 216 192 181 236 185 179 240 81 208 243 244 244 244 223 360 281 Shots Fired 2045 | 20 48 159 12 87 111 43 115 22 123 228 194 64 39 123 10 48 137 114 80 34 47 151 36 Gun 682 | 20 15 37 4 24 43 21 17 5 6 87 54 16 1 32 10 . 8 111 80 32 2 47 10 Cannon 1253 | . 25 107 4 50 59 19 79 17 117 141 140 48 38 91 . 46 127 . . . 43 86 16 Launcher 93 | . 8 15 4 13 9 3 19 . . . . . . . . 2 . . . . . 10 10 Special 17 | . . . . . . . . . . . . . . . . . 2 3 . 2 2 8 . Kinetic 842 | . . 38 . 37 71 2 . 5 115 168 140 48 38 79 6 11 40 20 . 9 . 9 6 Thermal 939 | 20 38 106 8 37 13 19 79 17 8 60 54 16 1 44 4 35 74 91 80 12 32 85 6 Explosive 48 | . 1 9 . 7 9 3 19 . . . . . . . . . . . . . . . . Electromagnetic 199 | . 9 6 4 6 18 19 17 . . . . . . . . 2 21 . . 11 13 49 24 Robot Hit Streak 20 | 7 9 16 15 7 9 10 20 9 9 13 15 8 5 6 9 12 11 11 10 11 7 11 10 Robot Miss Streak 9 | 2 3 3 2 3 6 2 2 3 3 6 4 4 3 6 1 8 3 3 2 4 3 9 2 Penetration Max 1 | . . . . . 1 . . . . . 1 . 1 . . . . . . 1 . 1 . Secondary Targets 2 | . . . . . . . . . . . . . . . . . . 2 . . . . . Max Gunslinging Chain 1 | . . . . . . . . . . . . . . . . . . 1 . . . . . Shots Hit Robots 1202 | 13 31 82 7 40 45 29 70 16 69 155 107 26 19 60 9 37 96 80 55 19 21 90 26 Core Hits 635 | 6 26 50 1 25 32 13 34 10 24 105 46 7 9 37 4 20 31 37 15 13 9 55 26 Critical Hits 84 | . . 1 . 1 2 1 5 2 3 4 16 2 9 12 . 1 8 3 . 1 4 8 1 Critical Kills 29 | . . 1 . 1 . . 1 . 1 2 9 . 2 4 . 1 2 1 . 1 2 1 . Critical Parts Destroyed 46 | . . . . . 2 . 4 2 2 2 7 1 6 8 . . 3 1 . . 2 5 1 Melee Attacks 20 | . . . 4 . . . . . . . . . . . . 4 12 . . . . . . Impact 7 | . . . . . . . . . . . . . . . . . 7 . . . . . . Slashing 4 | . . . 4 . . . . . . . . . . . . . . . . . . . . Piercing . | . . . . . . . . . . . . . . . . . . . . . . . . Sneak Attacks 6 | . . . . . . . . . . . . . . . . 4 2 . . . . . . Combat Hostiles 2 | . . . . . . . . . . . . . . . . . 2 . . . . . . Follow-up Attacks . | . . . . . . . . . . . . . . . . . . . . . . . . Damage Inflicted 34765 | 158 713 2262 167 1300 1446 640 2286 262 1402 4144 2974 648 669 1915 159 1342 2621 1948 2159 595 731 3045 1179 Guns 10652 | 158 127 485 16 267 570 160 121 92 46 1267 790 174 18 501 159 . 103 1731 2159 595 30 945 138 Cannons 18647 | . 299 888 52 756 412 225 986 170 1344 2477 2173 474 651 1414 . 1104 2493 . . . 701 1529 499 Explosions 5353 | . 287 889 99 277 464 255 1179 . . 391 . . . . . 238 . 217 . . . 519 538 Melee . | . . . . . . . . . . . . . . . . . . . . . . . . Ramming 113 | . . . . . . . . . 12 9 11 . . . . . 25 . . . . 52 4 Kinetic 11419 | . . 226 . 668 531 8 . 92 1224 2595 2173 474 651 1079 85 165 730 186 . 211 . 207 114 Thermal 16502 | 158 462 1162 68 355 189 263 986 170 166 1540 790 174 18 836 74 1061 1493 1762 2159 233 384 1789 210 Explosive 2593 | . 39 652 . 119 441 163 1179 . . . . . . . . . . . . . . . . Electromagnetic 4138 | . 212 222 99 158 285 206 121 . . . . . . . . 116 373 . . 151 347 997 851 Impact . | . . . . . . . . . . . . . . . . . . . . . . . . Slashing . | . . . . . . . . . . . . . . . . . . . . . . . . Piercing . | . . . . . . . . . . . . . . . . . . . . . . . . Highest Corruption 16 | . . . . 1 4 . 5 9 9 8 8 8 8 10 10 1 1 2 14 16 2 8 15 Average Corruption 5 | . . . . 1 3 . 5 6 9 5 8 8 8 8 10 1 1 1 9 15 2 7 7 Corruption Purged 1 | . . . . . . . . . . . . . . . . . . . . . . . 1 Effects 378 | . . . . 3 27 . 3 16 41 28 63 24 12 32 11 2 3 3 21 28 6 31 24 Message Errors 65 | . . . . 2 6 . . 2 11 3 5 7 3 4 2 . 1 . 4 4 1 5 5 Matter Fused 56 | . . . . . 7 . . 5 3 8 11 2 1 2 3 . . . 2 2 . 5 5 Heat Flow Errors 19 | . . . . . . . . . 5 . 3 . 2 2 1 . . 1 1 1 . 1 2 Energy Discharges 32 | . . . . . 1 . . 1 1 . 11 2 1 2 2 1 2 . . 3 3 1 1 Parts Rejected 9 | . . . . . 3 . . 1 . 1 2 . . 2 . . . . . . . . . Data Loss (minor) 38 | . . . . . 7 . 1 3 3 5 6 1 . 2 . . . 1 . . 2 4 3 Data Loss (major) 13 | . . . . . . . . . 3 . 1 3 1 1 . . . . 1 1 . . 2 Misfires 13 | . . . . . . . . 1 1 . 6 1 . 3 . . . . . . . 1 . Alerts 1 | . . . . . . . . . . . . . . . . . . . . . . . 1 Misdirections 16 | . . . . . . . . . . . . . . . 1 . . . 2 13 . . . Targeting Errors 98 | . . . . 1 3 . 2 2 11 9 14 7 4 11 1 1 . 1 11 4 . 12 4 Weapon Failures 18 | . . . . . . . . 1 3 2 4 1 . 3 1 . . . . . . 2 1 Overload Shots . | . . . . . . . . . . . . . . . . . . . . . . . . Overflow Damage 385 | . 6 42 . 8 11 . 43 . 8 35 25 7 14 46 . 86 20 . . . . 29 5 Projectiles 236 | . 6 11 . 8 . . 1 . 8 23 25 7 14 46 . 38 20 . . . . 29 . Explosions 149 | . . 31 . . 11 . 42 . . 12 . . . . . 48 . . . . . . 5 Melee . | . . . . . . . . . . . . . . . . . . . . . . . . Knockbacks 92 | . . 1 . 4 . . . . 8 49 11 2 4 10 . 1 2 . . . . . . Impact . | . . . . . . . . . . . . . . . . . . . . . . . . Kinetic 82 | . . 1 . 4 . . . . 6 44 9 2 4 9 . 1 2 . . . . . . Secondary 10 | . . . . . . . . . 2 5 2 . . 1 . . . . . . . . . Self-Inflicted Damage 943 | . 86 41 . 98 91 10 107 . . . . . . . . 141 . 87 . . . 258 24 Shots 40 | . 4 1 . 4 3 1 3 . . . . . . . . 4 . 1 . . . 15 4 Rammed 5 | . . . . . . . . . . . . . . . . . . . . . . 3 2 Targets Rammed 12 | . . . . . . . . . 2 1 1 . . . . . 3 . . . . 3 2 Kicked 7 | . . . . . . . . . 2 1 1 . . . . . 3 . . . . . . Crushed . | . . . . . . . . . . . . . . . . . . . . . . . . Highest Temperature 422 | 117 195 307 196 206 118 422 407 312 417 116 400 196 219 301 76 204 342 198 282 247 363 300 347 Average Temperature 102 | 40 54 93 121 103 45 143 139 181 80 43 91 115 118 114 31 85 109 112 125 87 79 128 106 Received Heat Transfer 5209 | . 24 228 36 297 270 228 126 90 606 773 330 36 135 672 303 21 210 146 . 78 153 306 141 Effects 11 | . . . . . . 2 5 . 1 . . . . . . . 1 . . . 2 . . Shutdowns 5 | . . . . . . 1 2 . 1 . . . . . . . . . . . 1 . . Energy Bleed 4 | . . . . . . . 3 . . . . . . . . . 1 . . . . . . Interference 1 | . . . . . . . . . . . . . . . . . . . . . 1 . . Short Circuit 1 | . . . . . . 1 . . . . . . . . . . . . . . . . . Siege Activations . | . . . . . . . . . . . . . . . . . . . . . . . . Robots Corrupted 7 | . . . . . 1 . . . . . . . . . . . . . . . . 2 4 Combat Hostiles 7 | . . . . . 1 . . . . . . . . . . . . . . . . 2 4 Parts Fried 20 | . . 1 . . 4 2 . . . . . . . . . . 3 . . . . 2 8 Impact Corruptions 2 | . . . . . . . . . . . 1 . . . . . 1 . . . . . . Robots Melted 1 | . . . . . . . . . 1 . . . . . . . . . . . . . . Combat Hostiles 1 | . . . . . . . . . 1 . . . . . . . . . . . . . . Parts Melted 29 | . 1 5 . 3 1 2 . . 1 3 3 . . . . 3 1 6 . . . . . Heat Transferred 24402 | 481 1125 2492 148 703 346 457 1776 309 261 1978 1453 400 37 1125 111 1448 1969 2626 2578 285 333 1776 185 Parts Sabotaged . | . . . . . . . . . . . . . . . . . . . . . . . . Parts Stolen . | . . . . . . . . . . . . . . . . . . . . . . . . Parts Stripped . | . . . . . . . . . . . . . . . . . . . . . . . . Power Chain Reactions 7 | . 3 1 . . 2 1 . . . . . . . . . . . . . . . . . Missiles Intercepted . | . . . . . . . . . . . . . . . . . . . . . . . . Alert | -11 -10 -9 -8 -8 -8 -7 -7 -7 -7 -6 -6 -6 -6 -6 -6 -5 -5 -4 -4 -4 -3 -3 -3 ------- Run | Scr Mat Mat Mat Gar Mat Fac Gar Fac Gar Fac Ext Cet Arc Hub Gar Fac Gar Fac Was Fac Res Gar Res Peak Influence 1090 | 25 198 393 120 867 506 304 790 502 566 449 340 1090 471 565 269 287 604 709 207 210 174 474 316 Average Influence 299 | 7 89 199 110 549 377 249 575 409 401 309 158 728 445 332 230 149 382 468 196 142 78 233 223 Maximum Alert Level 3 | . . 1 . 3 2 1 3 2 2 2 1 3 2 2 1 1 2 3 1 1 . 2 1 Low Security (%) 37 | 100 100 63 100 6 . 15 . . . 5 67 3 . 14 33 64 18 . 62 74 100 47 28 Level 1 36 | . . 36 . 26 54 84 19 15 51 84 32 13 25 60 66 35 31 43 37 25 . 35 71 Level 2 19 | . . . . 24 45 . 46 84 48 9 . 18 74 25 . . 49 44 . . . 17 . Level 3 6 | . . . . 41 . . 34 . . . . 65 . . . . . 12 . . . . . Level 4 . | . . . . . . . . . . . . . . . . . . . . . . . . Level 5 . | . . . . . . . . . . . . . . . . . . . . . . . . High Security . | . . . . . . . . . . . . . . . . . . . . . . . . Max Security . | . . . . . . . . . . . . . . . . . . . . . . . . Squads Dispatched 39 | . 4 3 2 . 2 4 . . . 7 4 3 . 3 . . . 1 . 1 2 . 3 Investigation 13 | . 2 1 . . 2 . . . . 2 1 3 . . . . . . . 1 . . 1 Extermination 5 | . . . . . . . . . . 3 . . . . . . . . . . 1 . 1 Reinforcement 14 | . 2 2 . . . 1 . . . 1 3 . . 2 . . . 1 . . 1 . 1 Assault . | . . . . . . . . . . . . . . . . . . . . . . . . Garrison 7 | . . . 2 . . 3 . . . 1 . . . 1 . . . . . . . . . Intercept . | . . . . . . . . . . . . . . . . . . . . . . . . Construction Impeded 4 | . . 1 . . . . . . . . 1 . . . . . . . . . 1 . 1 Haulers Reinforced . | . . . . . . . . . . . . . . . . . . . . . . . . Alert ID Control Effect 4 | . . . . . . . . . . . . . . . . . . 2 . . . 2 . Stealth | -11 -10 -9 -8 -8 -8 -7 -7 -7 -7 -6 -6 -6 -6 -6 -6 -5 -5 -4 -4 -4 -3 -3 -3 --------- Run | Scr Mat Mat Mat Gar Mat Fac Gar Fac Gar Fac Ext Cet Arc Hub Gar Fac Gar Fac Was Fac Res Gar Res Distress Signals 22 | . 2 2 . . 3 . . . . 2 3 2 . 2 . 1 . 1 . . 1 1 2 Communications Jammed . | . . . . . . . . . . . . . . . . . . . . . . . . Distress Signals . | . . . . . . . . . . . . . . . . . . . . . . . . Times Spotted 424 | . 24 42 1 19 18 8 19 3 20 26 35 15 11 26 11 12 28 15 6 7 24 31 23 Peak Tracking Total 11 | . 6 7 1 8 5 3 4 3 7 9 6 5 3 7 8 4 5 6 2 3 8 6 11 Tactical Retreats 43 | . 2 4 1 . 1 2 2 . 3 1 3 . . 3 2 1 1 . . . 8 7 2 Traps | -11 -10 -9 -8 -8 -8 -7 -7 -7 -7 -6 -6 -6 -6 -6 -6 -5 -5 -4 -4 -4 -3 -3 -3 ------- Run | Scr Mat Mat Mat Gar Mat Fac Gar Fac Gar Fac Ext Cet Arc Hub Gar Fac Gar Fac Was Fac Res Gar Res Traps Triggered 29 | . 3 1 . 1 1 . . 3 3 2 2 . . . 4 . 6 1 . 1 . 1 . Indirectly 1 | . . 1 . . . . . . . . . . . . . . . . . . . . . Trap Hack Attempts . | . . . . . . . . . . . . . . . . . . . . . . . . Triggered . | . . . . . . . . . . . . . . . . . . . . . . . . Disarmed . | . . . . . . . . . . . . . . . . . . . . . . . . Reprogrammed . | . . . . . . . . . . . . . . . . . . . . . . . . Reused . | . . . . . . . . . . . . . . . . . . . . . . . . Traps Extracted . | . . . . . . . . . . . . . . . . . . . . . . . . Installed . | . . . . . . . . . . . . . . . . . . . . . . . . Triggered 1 | . . . . . . . . . . . . . . . . . . . . . . . 1 Machines | -11 -10 -9 -8 -8 -8 -7 -7 -7 -7 -6 -6 -6 -6 -6 -6 -5 -5 -4 -4 -4 -3 -3 -3 ---------- Run | Scr Mat Mat Mat Gar Mat Fac Gar Fac Gar Fac Ext Cet Arc Hub Gar Fac Gar Fac Was Fac Res Gar Res Machines Disabled 47 | . 1 4 . 2 3 1 3 . 2 3 3 1 3 2 . 11 3 2 . . . 3 . Max in Single Turn 9 | . 1 1 . 1 1 1 1 . 1 2 1 . 1 2 . 9 1 1 . . . 2 . Garrison Relay 10 | . . . . 2 . . 2 . 2 . . . . . . . 3 . . . . 1 . Phase Generator 1 | . . . . . . . . . . . . . . . . . . . . . . 1 . Machines Sabotaged . | . . . . . . . . . . . . . . . . . . . . . . . . Garrisons Compromised . | . . . . . . . . . . . . . . . . . . . . . . . . Overloaded Fab Kills . | . . . . . . . . . . . . . . . . . . . . . . . . Fab Network Shutdowns . | . . . . . . . . . . . . . . . . . . . . . . . . Hacking | -11 -10 -9 -8 -8 -8 -7 -7 -7 -7 -6 -6 -6 -6 -6 -6 -5 -5 -4 -4 -4 -3 -3 -3 --------- Run | Scr Mat Mat Mat Gar Mat Fac Gar Fac Gar Fac Ext Cet Arc Hub Gar Fac Gar Fac Was Fac Res Gar Res Machines Accessed 70 | . 8 15 2 . 8 2 . 2 . 6 5 4 1 3 . 4 . . . 4 3 . 3 Terminals 46 | . 6 10 1 . 7 . . 1 . 3 5 4 . 2 . 2 . . . 2 1 . 2 Fabricators 3 | . . . . . . 1 . . . . . . . . . 1 . . . . 1 . . Repair Stations 6 | . 1 2 . . . . . . . 1 . . . . . . . . . 1 . . 1 Recycling Units 5 | . 1 2 . . 1 . . . . 1 . . . . . . . . . . . . . Scanalyzers 2 | . . 1 . . . . . . . . . . . . . . . . . 1 . . . Garrison Access 7 | . . . 1 . . 1 . 1 . 1 . . . 1 . 1 . . . . 1 . . Total Hacks 203 | . 15 54 5 . 25 4 . 3 . 12 15 10 25 4 . 13 . . . 6 6 . 6 Successful 138 | . 11 40 3 . 18 3 . 2 . 9 8 3 25 2 . 5 . . . 4 4 . 1 Failed 65 | . 4 14 2 . 7 1 . 1 . 3 7 7 . 2 . 8 . . . 2 2 . 5 Catastrophic 9 | . 1 1 . . 1 . . . . . . 2 . 1 . . . . . . 1 . 2 Database Lockouts . | . . . . . . . . . . . . . . . . . . . . . . . . Manual 91 | . 8 25 3 . 13 1 . 2 . 6 7 3 1 3 . 5 . . . 4 4 . 6 Terminals 134 | . 12 36 4 . 24 . . 2 . 6 15 10 . 3 . 10 . . . 4 3 . 5 Fabricators 5 | . . . . . . 2 . . . . . . . . . 2 . . . . 1 . . Repair Stations 15 | . 2 9 . . . . . . . 2 . . . . . . . . . 1 . . 1 Recycling Units 7 | . 1 2 . . 1 . . . . 3 . . . . . . . . . . . . . Scanalyzers 8 | . . 7 . . . . . . . . . . . . . . . . . 1 . . . Garrison Access 9 | . . . 1 . . 2 . 1 . 1 . . . 1 . 1 . . . . 2 . . Terminal Hacks 64 | . 4 14 . . 11 . . . . 2 4 1 25 . . 2 . . . 1 . . . Record 27 | . . 1 . . . . . . . . . 1 25 . . . . . . . . . . Open Door 2 | . . . . . . . . . . 1 1 . . . . . . . . . . . . Branch Access Points 2 | . . 1 . . 1 . . . . . . . . . . . . . . . . . . Emergency Access Points 1 | . . . . . 1 . . . . . . . . . . . . . . . . . . Terminal Index 1 | . . . . . 1 . . . . . . . . . . . . . . . . . . Alert Level 4 | . 1 3 . . . . . . . . . . . . . . . . . . . . . Unreport Threat 8 | . . 2 . . 1 . . . . 1 1 . . . . 2 . . . 1 . . . Locate Traps 5 | . 1 1 . . 2 . . . . . 1 . . . . . . . . . . . . Dispatch Records 1 | . . 1 . . . . . . . . . . . . . . . . . . . . . Surveillance Status 1 | . . 1 . . . . . . . . . . . . . . . . . . . . . Recall Investigation 1 | . . . . . 1 . . . . . . . . . . . . . . . . . . Recall Reinforcements 2 | . 1 . . . . . . . . . 1 . . . . . . . . . . . . Hauler Manifests 1 | . . . . . 1 . . . . . . . . . . . . . . . . . . Registered Components 2 | . . 1 . . 1 . . . . . . . . . . . . . . . . . . Zone Layout 6 | . 1 3 . . 2 . . . . . . . . . . . . . . . . . . Fabricator Hacks 4 | . . . . . . 2 . . . . . . . . . 1 . . . . 1 . . Load Schematic 1 | . . . . . . 1 . . . . . . . . . . . . . . . . . Build 3 | . . . . . . 1 . . . . . . . . . 1 . . . . 1 . . Repair Station Hacks 11 | . 2 7 . . . . . . . 2 . . . . . . . . . . . . . Scan Component 6 | . 1 4 . . . . . . . 1 . . . . . . . . . . . . . Repair 5 | . 1 3 . . . . . . . 1 . . . . . . . . . . . . . Recycling Unit Hacks 7 | . 1 2 . . 1 . . . . 3 . . . . . . . . . . . . . Process 1 | . . . . . . . . . . 1 . . . . . . . . . . . . . Retrieve Matter 2 | . . . . . . . . . . 2 . . . . . . . . . . . . . Retrieve Components 4 | . 1 2 . . 1 . . . . . . . . . . . . . . . . . . Scanalyzer 7 | . . 7 . . . . . . . . . . . . . . . . . . . . . Insert Component 4 | . . 4 . . . . . . . . . . . . . . . . . . . . . Analyze 3 | . . 3 . . . . . . . . . . . . . . . . . . . . . Garrison Access Hacks 6 | . . . 1 . . 1 . 1 . . . . . 1 . 1 . . . . 1 . . Unlock Access 6 | . . . 1 . . 1 . 1 . . . . . 1 . 1 . . . . 1 . . Unauthorized Hacks 39 | . 4 10 2 . 6 . . 1 . 2 4 2 . 1 . 1 . . . 3 2 . 1 Terminals 37 | . 4 10 2 . 6 . . 1 . 1 4 2 . 1 . 1 . . . 2 2 . 1 Track 10 | . . 3 1 . 2 . . . . . 1 . . . . 1 . . . . 1 . 1 Assimilate 1 | . . . . . . . . . . . . . . . . . . . . 1 . . . Botnet 26 | . 4 7 1 . 4 . . 1 . 1 3 2 . 1 . . . . . 1 1 . . Fabricators . | . . . . . . . . . . . . . . . . . . . . . . . . Repair Stations . | . . . . . . . . . . . . . . . . . . . . . . . . Recycling Units . | . . . . . . . . . . . . . . . . . . . . . . . . Scanalyzers 1 | . . . . . . . . . . . . . . . . . . . . 1 . . . Extract 1 | . . . . . . . . . . . . . . . . . . . . 1 . . . Garrison Access 1 | . . . . . . . . . . 1 . . . . . . . . . . . . . Reprogram 1 | . . . . . . . . . . 1 . . . . . . . . . . . . . Data Cores Recovered 4 | . . 1 . . . . . . . . . . . . . 2 . . . 1 . . . Used 1 | . . . . . . . . . . . . . . . . 1 . . . . . . . Hacking Detections 55 | . 7 12 1 . 7 1 . 1 . 4 4 4 . 3 . 3 . . . 3 2 . 3 Full Trace Events 6 | . . 1 . . 1 . . . . . 1 3 . . . . . . . . . . . Feedback Events . | . . . . . . . . . . . . . . . . . . . . . . . . Feedback Blocked . | . . . . . . . . . . . . . . . . . . . . . . . . Robot Schematics Acquired . | . . . . . . . . . . . . . . . . . . . . . . . . Robots Built . | . . . . . . . . . . . . . . . . . . . . . . . . Matter . | . . . . . . . . . . . . . . . . . . . . . . . . Time . | . . . . . . . . . . . . . . . . . . . . . . . . Total Robot Build Rating . | . . . . . . . . . . . . . . . . . . . . . . . . Part Schematics Acquired 11 | . . 3 . . . . . . . . . . . . . . . . . 8 . . . Parts Built 2 | . . . . . . . . . . . . . . . . 2 . . . . . . . Matter 702 | . . . . . . 146 . . . . . . . . . 278 . . . . 278 . . Time 281 | . . . . . . 73 . . . . . . . . . 139 . . . . 69 . . Total Part Build Rating 18 | . . . . . . . . . . . . . . . . 18 . . . . . . . Parts Repaired 5 | . 1 3 . . . . . . . 1 . . . . . . . . . . . . . Time 122 | . 26 77 . . . . . . . 19 . . . . . . . . . . . . . Parts Recycled . | . . . . . . . . . . . . . . . . . . . . . . . . Recycled Matter 19 | . . . . . . . . . . 19 . . . . . . . . . . . . . Retrieved Matter 19 | . . . . . . . . . . 19 . . . . . . . . . . . . . Retrieved Components 25 | . 2 13 . . 10 . . . . . . . . . . . . . . . . . . Parts Scanalyzed 3 | . . 3 . . . . . . . . . . . . . . . . . . . . . Part Schematics Acquired 3 | . . 3 . . . . . . . . . . . . . . . . . . . . . Parts Damaged . | . . . . . . . . . . . . . . . . . . . . . . . . Bothacking | -11 -10 -9 -8 -8 -8 -7 -7 -7 -7 -6 -6 -6 -6 -6 -6 -5 -5 -4 -4 -4 -3 -3 -3 ------------ Run | Scr Mat Mat Mat Gar Mat Fac Gar Fac Gar Fac Ext Cet Arc Hub Gar Fac Gar Fac Was Fac Res Gar Res Used RIF Installer 6 | . . . . 1 . . 1 . 1 . . . . . 1 . 1 . . . . 1 . Coupler Efficiency 1 | . . . . . . . 1 . . . . . . . . . . . . . . . . Robot Detection 1 | . . . . . . . . . . . . . . . . . . . . . . 1 . Patrol Navigation 1 | . . . . . . . . . 1 . . . . . . . . . . . . . . Alert ID Control 1 | . . . . . . . . . . . . . . . . . 1 . . . . . . Program Shield 1 | . . . . . . . . . . . . . . . 1 . . . . . . . . Robots Hacked 17 | . . . . . . . . . . . . . . . . 1 6 3 . 1 1 5 . Non-combat 3 | . . . . . . . . . . . . . . . . 1 . 1 . 1 . . . Combat 14 | . . . . . . . . . . . . . . . . . 6 2 . . 1 5 . Robot Hacks Applied 21 | . . . . . . . . . . . . . . . . 4 6 3 . 2 1 5 . no_distress 3 | . . . . . . . . . . . . . . . . 2 . . . 1 . . . map_walls 1 | . . . . . . . . . . . . . . . . . . 1 . . . . . find_fabricator 2 | . . . . . . . . . . . . . . . . 2 . . . . . . . drop_inventory 1 | . . . . . . . . . . . . . . . . . . . . 1 . . . reboot_system 1 | . . . . . . . . . . . . . . . . . 1 . . . . . . overwrite_iff 7 | . . . . . . . . . . . . . . . . . 2 . . . 1 4 . streamctrl_high 3 | . . . . . . . . . . . . . . . . . 2 1 . . . . . formatsys_high 3 | . . . . . . . . . . . . . . . . . 1 1 . . . 1 . Relay Couplers Released 36 | . . . . 6 . . 8 . 9 . . . . . . . 9 . . . . 4 . Machine Destruction 36 | . . . . 6 . . 8 . 9 . . . . . . . 9 . . . . 4 . Attached 12 | . . . . . . . 1 . . . . . . . . . 3 2 . . 1 5 . Robots Rewired 24 | . . . . 7 . . . . . . 17 . . . . . . . . . . . . Allies Hacked . | . . . . . . . . . . . . . . . . . . . . . . . . Hacks Repelled . | . . . . . . . . . . . . . . . . . . . . . . . . Allies | -11 -10 -9 -8 -8 -8 -7 -7 -7 -7 -6 -6 -6 -6 -6 -6 -5 -5 -4 -4 -4 -3 -3 -3 -------- Run | Scr Mat Mat Mat Gar Mat Fac Gar Fac Gar Fac Ext Cet Arc Hub Gar Fac Gar Fac Was Fac Res Gar Res Total Allies 45 | . . . . 7 . . . . . . 18 5 . . . . 5 2 1 1 1 5 . Largest Group 6 | . . . . 5 5 . . . . . 5 6 2 . . . 1 2 1 1 1 1 . Highest-Rated Group 498 | . . . . 71 71 . . . . . 265 498 188 . . . 49 98 49 10 42 30 . Highest-Rated Ally 156 | . . . . 21 21 . . . . . 156 136 94 . . . 49 49 49 10 42 30 . Total Orders 163 | . . . . 29 25 . . . . 18 23 12 1 . . . 29 13 1 2 . 1 9 STAY 3 | . . . . . 2 . . . . . . . . . . . 1 . . . . . . GOTO 157 | . . . . 29 23 . . . . 18 23 11 1 . . . 27 12 1 2 . 1 9 ROAM 1 | . . . . . . . . . . . . . . . . . . 1 . . . . . FOLLOW 2 | . . . . . . . . . . . . 1 . . . . 1 . . . . . . Ally Attacks 361 | . . . . 11 22 . . . . . 90 164 6 . . . 21 8 25 . 2 12 . Total Damage 9534 | . . . . 208 505 . . . . . 2298 4264 292 . . . 468 335 939 . 40 185 . Kills 65 | . . . . 3 6 . . . . . 17 28 1 . . . 4 2 2 . . 2 . Allies Corrupted 3 | . . . . . . . . . . . . . . . . . . 1 . . . . 2 Allies Melted . | . . . . . . . . . . . . . . . . . . . . . . . . Intel | -11 -10 -9 -8 -8 -8 -7 -7 -7 -7 -6 -6 -6 -6 -6 -6 -5 -5 -4 -4 -4 -3 -3 -3 ------- Run | Scr Mat Mat Mat Gar Mat Fac Gar Fac Gar Fac Ext Cet Arc Hub Gar Fac Gar Fac Was Fac Res Gar Res Robot Analysis Total . | . . . . . . . . . . . . . . . . . . . . . . . . Derelict Logs Recovered . | . . . . . . . . . . . . . . . . . . . . . . . . Drone Launches 4 | . . . . . . . . . . 2 . . . . . . . . . . . . 2 Drone Recoveries . | . . . . . . . . . . . . . . . . . . . . . . . . Exploration | -11 -10 -9 -8 -8 -8 -7 -7 -7 -7 -6 -6 -6 -6 -6 -6 -5 -5 -4 -4 -4 -3 -3 -3 ------------- Run | Scr Mat Mat Mat Gar Mat Fac Gar Fac Gar Fac Ext Cet Arc Hub Gar Fac Gar Fac Was Fac Res Gar Res Turns Passed 17121 | 166 1047 1996 222 979 1229 254 702 471 737 1282 1595 636 287 455 196 789 1280 410 208 227 687 598 668 Spaces Moved 11458 | 104 662 987 116 547 720 101 333 311 426 685 767 364 149 203 149 1059 865 410 164 302 933 403 698 Core 240 | 8 . . . . . . . . . . . . . . 30 196 . . . . . . 6 Treads 1508 | . 463 480 . . 121 101 333 10 . . . . . . . . . . . . . . . Legs 5399 | 96 70 507 116 547 599 . . 301 426 685 767 364 149 203 48 69 449 . . . . . 3 Wheels . | . . . . . . . . . . . . . . . . . . . . . . . . Hover 4111 | . . . . . . . . . . . . . . . . 794 416 410 164 302 933 403 689 Flight 200 | . 129 . . . . . . . . . . . . . 71 . . . . . . . . Fastest Speed 33 | 50 37 150 120 120 120 160 160 127 124 120 120 120 120 120 34 36 36 36 44 36 33 33 43 Average Speed 99 | 114 131 155 120 120 128 160 160 130 126 124 121 147 149 133 67 52 79 38 44 41 35 42 70 Slowest Speed 180 | 120 160 180 120 120 160 160 160 160 128 153 152 150 150 150 120 150 120 48 44 52 40 106 180 Overloaded Moves . | . . . . . . . . . . . . . . . . . . . . . . . . Propulsion Burnouts . | . . . . . . . . . . . . . . . . . . . . . . . . Robots Hopped 1 | . . . . . . . . . . . . . . . 1 . . . . . . . . Cave-ins Triggered 4 | . . . . . 1 . 1 . . 1 . . . . . . . . . . 1 . . Exploration Rate (%) 42 | 6 93 93 6 57 52 4 57 9 53 20 77 69 90 26 33 23 74 7 72 8 30 39 20 Regions Visited 23 Branch Regions 4 Pre-discovered Areas . | . . . . . . . . . . . . . . . . . . . . . . . . Known Exits Taken 7 | . . . 1 . . 1 . 1 . . . 1 . 1 . 1 . . . . 1 . . Unknown Exits Taken 8 | 1 1 1 . . 1 . . . . 1 1 . 1 . . . . . . 1 . . . Scrap Searched . | . . . . . . . . . . . . . . . . . . . . . . . . Spaces Dug 85 | . . 1 4 30 18 . 9 . . . . . 1 . . . 6 . . . 16 . . Terrain Destroyed 760 | . 15 37 4 100 66 21 197 . . 15 51 8 7 24 . 59 14 21 8 6 19 87 1 Melee 10 | . . . 4 . . . . . . . . . . . . . 6 . . . . . . Projectile 196 | . . 2 . 1 24 . 4 . . 7 51 8 7 24 . 4 8 3 8 6 19 19 1 AOE 554 | . 15 35 . 99 42 21 193 . . 8 . . . . . 55 . 18 . . . 68 . Actions | -11 -10 -9 -8 -8 -8 -7 -7 -7 -7 -6 -6 -6 -6 -6 -6 -5 -5 -4 -4 -4 -3 -3 -3 --------- Run | Scr Mat Mat Mat Gar Mat Fac Gar Fac Gar Fac Ext Cet Arc Hub Gar Fac Gar Fac Was Fac Res Gar Res Total 15547 | 127 787 1331 180 802 931 159 408 360 529 931 1297 417 186 291 237 1249 1332 590 244 380 1243 702 834 Wait 1689 | . 50 197 47 73 75 26 17 6 31 67 164 7 9 22 7 40 272 74 42 15 246 134 68 Move 11438 | 103 661 986 116 546 719 100 332 311 425 684 766 363 148 203 146 1059 864 410 163 301 932 402 698 Hop 1 | . . . . . . . . . . . . . . . 1 . . . . . . . . Pick Up 246 | 3 11 23 1 11 18 2 5 6 5 20 22 5 3 . 7 30 25 13 2 15 7 10 2 Fast Attach 192 | 8 10 8 . 4 11 2 1 7 4 11 14 5 1 4 2 25 17 6 2 7 3 21 19 Attach 172 | 1 1 9 2 5 10 4 5 4 5 15 10 4 7 6 12 19 14 8 1 6 6 12 6 Detach 35 | 2 2 1 . . . . . . . 2 1 . 3 . 2 13 1 . . . 1 4 3 Swap 157 | . 9 14 5 3 13 6 3 3 2 11 18 1 . 9 1 . 16 16 1 8 6 11 1 Drop 328 | . 15 29 1 14 25 4 1 14 5 21 42 10 2 6 7 28 29 18 5 14 7 19 12 Fire 870 | 10 28 64 4 36 60 15 44 9 45 98 66 22 13 41 11 31 57 45 28 14 34 73 22 Melee 20 | . . . 4 . . . . . . . . . . . . 4 12 . . . . . . Ram 5 | . . . . . . . . . . . . . . . . . . . . . . 3 2 Kick 7 | . . . . . . . . . 2 1 1 . . . . . 3 . . . . . . Crush . | . . . . . . . . . . . . . . . . . . . . . . . . Escape Stasis 97 | . . . . 5 . . . . 5 . 10 . . . 41 . 22 . . . 1 13 . Rewire 288 | . . . . 105 . . . . . . 183 . . . . . . . . . . . . Trap . | . . . . . . . . . . . . . . . . . . . . . . . . Miscellaneous 2 | . . . . . . . . . . 1 . . . . . . . . . . . . 1 Route ------- -11/Scrapyard -10/Materials (discovered 5 exits: *Mat x3 / [*Min x2]) -9/Materials (discovered 4 exits: *Mat x3 / *Min) -8/Materials -8/Garrison (discovered 2 exits: *Mat x2) -8/Materials -7/Factory -7/Garrison -7/Factory (discovered 2 exits: [*Low] / Gar) -7/Garrison (discovered 2 exits: *Fac x2) -6/Factory (discovered 3 exits: *Fac / [*Low] / *Ext) -6/Extension (discovered 2 exits: *Fac / *Cet) -6/Cetus (discovered 2 exits: *Fac / *Arc) -6/Archives (discovered 3 exits: *Fac / *Hub x2) -6/Hub_04(d) (discovered 4 exits: *Fac x3 / Gar) -6/Garrison -5/Factory (discovered 3 exits: [*Fac] / [*Upp] / Gar) -5/Garrison (discovered 3 exits: [*Fac x3]) -4/Factory -4/Waste -4/Factory -3/Research -3/Garrison -3/Research History --------- Turn | Location | Event 7 | -11/Scrapyard | Discovered new exit (range 16) 167 | -11/Scrapyard | Entered Materials 244 | -10/Materials | Discovered new exit (range 9) 291 | -10/Materials | Discovered new exit (range 8) 316 | -10/Materials | Build established: Mutant 494 | -10/Materials | Repaired Lgt. Treads 675 | -10/Materials | Discovered new exit (range 12) 976 | -10/Materials | Discovered new exit (range 16) 1175 | -10/Materials | Discovered new exit (range 16) 1214 | -10/Materials | Entered another Materials area 1214 | -9/Materials | Evolved 2 slots: Utility x1, Weapon x1 1280 | -9/Materials | Identified exit to Mines 1485 | -9/Materials | Destroyed 8 combat bots 1486 | -9/Materials | Lost 4 parts (4w) 1613 | -9/Materials | Repaired Lgt. Treads 1640 | -9/Materials | Repaired Beam Cannon 1944 | -9/Materials | Discovered new exit (range 11) 1974 | -9/Materials | Build established: Tank 2765 | -9/Materials | Repaired Imp. Medium Laser 2974 | -9/Materials | Discovered new exit (range 15) 3139 | -9/Materials | Discovered new exit (range 16) 3210 | -9/Materials | Entered another Materials area 3210 | -8/Materials | Evolved 2 slots: Propulsion x2 3283 | -8/Materials | Garrison activated, responded to threat 3430 | -8/Materials | Identified exit to Garrison 3432 | -8/Materials | Entered Garrison 3595 | -8/Garrison | Triggered checkpoint 3595 | -8/Garrison | Triggered checkpoint 3604 | -8/Garrison | Triggered checkpoint 3657 | -8/Garrison | Destroyed 9 combat bots 3662 | -8/Garrison | Lost 3 parts (2n1w) 3829 | -8/Garrison | Discovered new exit (range 12) 3896 | -8/Garrison | Triggered checkpoint 3980 | -8/Garrison | Destroyed 8 combat bots 4134 | -8/Garrison | Triggered checkpoint 4226 | -8/Garrison | Discovered new exit (range 15) 4253 | -8/Garrison | Installed Relay Interface Framework 4379 | -8/Garrison | Garrison Relay disabled 4411 | -8/Garrison | Entered Materials 4411 | -8/Materials | Accompanied by 5 allies 4801 | -8/Materials | Crushed by falling debris 4834 | -8/Materials | Core integrity fell below 50% 5508 | -8/Materials | Discovered new exit (range 16) 5640 | -8/Materials | Entered Factory 5640 | -7/Factory | Evolved 2 slots: Power x1, Propulsion x1 5654 | -7/Factory | Garrison activated, responded to threat 5830 | -7/Factory | Build established: Scavenger-Tank 5884 | -7/Factory | Identified exit to Garrison 5894 | -7/Factory | Entered Garrison 6020 | -7/Garrison | Triggered checkpoint 6085 | -7/Garrison | Garrison Relay disabled 6152 | -7/Garrison | Triggered checkpoint 6239 | -7/Garrison | Triggered checkpoint 6369 | -7/Garrison | Discovered new exit (range 14) 6415 | -7/Garrison | Expanded RIF knowledge: Coupler Efficiency 6456 | -7/Garrison | Triggered checkpoint 6481 | -7/Garrison | Crushed by falling debris 6512 | -7/Garrison | Lost 3 parts (3n) 6524 | -7/Garrison | Build established: Scavenger-Gunner 6530 | -7/Garrison | Garrison Relay disabled 6596 | -7/Garrison | Entered Factory 6830 | -7/Factory | Discovered new exit (range 10) 7067 | -7/Factory | Identified exit to Garrison 7067 | -7/Factory | Entered Garrison 7112 | -7/Garrison | Triggered checkpoint 7191 | -7/Garrison | Garrison Relay disabled 7252 | -7/Garrison | Triggered checkpoint 7336 | -7/Garrison | Build established: Tank 7443 | -7/Garrison | Core integrity fell below 50% 7500 | -7/Garrison | Triggered checkpoint 7553 | -7/Garrison | Discovered new exit (range 14) 7601 | -7/Garrison | Triggered checkpoint 7657 | -7/Garrison | Garrison Relay disabled 7751 | -7/Garrison | Discovered new exit (range 9) 7771 | -7/Garrison | Expanded RIF knowledge: Patrol Navigation 7804 | -7/Garrison | Entered Factory 7804 | -6/Factory | Evolved 2 slots: Utility x2 7963 | -6/Factory | Discovered new exit (range 12) 8217 | -6/Factory | Lost 8 parts (2p3n1u2w) 8267 | -6/Factory | Lost 3 parts (1n2w) 8583 | -6/Factory | Garrison activated, responded to threat 8646 | -6/Factory | Crushed by falling debris 8650 | -6/Factory | Spotted B-75 Beast 8869 | -6/Factory | Build established: Scavenger-Tank 8888 | -6/Factory | Discovered new exit (range 10) 8989 | -6/Factory | Repaired Carbon-fiber Leg 9065 | -6/Factory | Discovered new exit (range 6) 9086 | -6/Factory | Entered Extension 9105 | -6/Extension | Disrupted transfer network 9407 | -6/Extension | Destroyed 7 combat bots 9438 | -6/Extension | Lost 3 parts (1p1n1u) 9864 | -6/Extension | Rescued A7 9900 | -6/Extension | Spotted B-75 Beast 9924 | -6/Extension | Spotted B-75 Beast 9939 | -6/Extension | Allies destroyed B-75 Beast 10543 | -6/Extension | Discovered new exit (range 10) 10544 | -6/Extension | Discovered new exit (range 6) 10681 | -6/Extension | Entered Cetus 10681 | -6/Cetus | Accompanied by 3 allies 10686 | -6/Cetus | Acquired a Cetus Manufacturing Module code from A7 10698 | -6/Cetus | Spotted Cetus Guard 10698 | -6/Cetus | Spotted Cetus Guard 10700 | -6/Cetus | Spotted Cetus Guard 10702 | -6/Cetus | Allies destroyed Cetus Guard 10704 | -6/Cetus | Allies destroyed Cetus Guard 10705 | -6/Cetus | Spotted Cetus Guard 10715 | -6/Cetus | Allies destroyed Cetus Guard 10727 | -6/Cetus | Allies destroyed Cetus Guard 10803 | -6/Cetus | Started Cetus Manufacturing Module 10810 | -6/Cetus | Extracted ID and sensor layout for unrecognized location from A7's data core 10828 | -6/Cetus | Manufactured an Enhanced Grunt 10853 | -6/Cetus | Manufactured an Enhanced Grunt 10878 | -6/Cetus | Manufactured an Enhanced Grunt 10903 | -6/Cetus | Manufactured an Enhanced Grunt 10928 | -6/Cetus | Manufactured an Enhanced Grunt 10933 | -6/Cetus | Discovered new exit (range 16) 10963 | -6/Cetus | Spotted Cetus Guard 10963 | -6/Cetus | Spotted Cetus Guard 11095 | -6/Cetus | Discovered new exit (range 16) 11104 | -6/Cetus | Met Revision 17 11122 | -6/Cetus | Identified exit to Factory 11302 | -6/Cetus | Identified exit to Archives 11317 | -6/Cetus | Entered Archives 11317 | -6/Archives | Accompanied by 2 allies 11361 | -6/Archives | Unable to access archive contents 11416 | -6/Archives | Lost 3 parts (1n1u1w) 11448 | -6/Archives | Unable to access archive contents 11465 | -6/Archives | Unable to access archive contents 11465 | -6/Archives | Unable to access archive contents 11471 | -6/Archives | Discovered new exit (range 16) 11480 | -6/Archives | Unable to access archive contents 11486 | -6/Archives | Discovered new exit (range 13) 11534 | -6/Archives | Discovered exit to Factory (range 16) 11604 | -6/Archives | Entered Hub_04(d) 11604 | -6/Hub_04(d) | Discovered exit to Factory (range 10) 11877 | -6/Hub_04(d) | Discovered exit to Factory (range 16) 11923 | -6/Hub_04(d) | Discovered exit to Factory (range 8) 11994 | -6/Hub_04(d) | Lost 3 parts (1n2w) 12043 | -6/Hub_04(d) | Garrison activated, responded to threat 12047 | -6/Hub_04(d) | Spotted B-75 Beast 12057 | -6/Hub_04(d) | System corruption reached 10% 12059 | -6/Hub_04(d) | Identified exit to Garrison 12059 | -6/Hub_04(d) | Entered Garrison 12088 | -6/Garrison | Lost 4 parts (1n1u2w) 12110 | -6/Garrison | Core integrity fell below 50% 12138 | -6/Garrison | Lost 4 parts (2n2w) 12142 | -6/Garrison | Triggered checkpoint 12205 | -6/Garrison | Core integrity fell below 20% 12220 | -6/Garrison | Lost 7 parts (1p4n1u1w) 12247 | -6/Garrison | Discovered exit to Factory (range 8) 12253 | -6/Garrison | Expanded RIF knowledge: Program Shield 12255 | -6/Garrison | Entered Factory 12255 | -5/Factory | Evolved 2 slots: Utility x2 12286 | -5/Factory | Lost 3 parts (2n1u) 12331 | -5/Factory | Discovered new exit (range 16) 12479 | -5/Factory | Build established: Mutant 12562 | -5/Factory | Spotted B-75 Beast 12793 | -5/Factory | Fabricated Stasis Projector? 12968 | -5/Factory | Discovered new exit (range 5) 13039 | -5/Factory | Identified exit to Garrison 13044 | -5/Factory | Entered Garrison 13131 | -5/Garrison | Garrison Relay disabled 13336 | -5/Garrison | Spotted B-75 Beast 13389 | -5/Garrison | Destroyed B-75 Beast 13462 | -5/Garrison | Triggered checkpoint 13501 | -5/Garrison | Discovered new exit (range 12) 13542 | -5/Garrison | Triggered checkpoint 13608 | -5/Garrison | Build established: Scavenger-Gunner 13618 | -5/Garrison | Lost 3 parts (1u2w) 13618 | -5/Garrison | Garrison Relay disabled 13770 | -5/Garrison | Triggered checkpoint 13836 | -5/Garrison | Discovered new exit (range 10) 13909 | -5/Garrison | Build established: Scavenger-Mutant 13912 | -5/Garrison | Triggered checkpoint 13947 | -5/Garrison | Lost 3 parts (1p2n) 13995 | -5/Garrison | Discovered new exit (range 10) 14014 | -5/Garrison | Expanded RIF knowledge: Alert ID Control 14095 | -5/Garrison | Triggered checkpoint 14143 | -5/Garrison | Garrison Relay disabled 14324 | -5/Garrison | Entered Factory 14324 | -4/Factory | Accompanied by 1 ally 14324 | -4/Factory | Evolved 2 slots: Utility x2 14547 | -4/Factory | Build established: Bothacker-Gunner 14591 | -4/Factory | P-70 Sage assimilated allied Sentinel 7a 14681 | -4/Factory | Lost 3 parts (2u1w) 14694 | -4/Factory | Destroyed 7 combat bots 14734 | -4/Factory | Sucked down chute 14734 | -4/Factory | Entered Waste 14734 | -4/Waste | Met up with 1 ally sucked down the chute earlier 14737 | -4/Waste | Found Prototype Device 14737 | -4/Waste | Identified Adv. Particle Accelerator 14742 | -4/Waste | Spotted C-40 Crusher 14749 | -4/Waste | EMP discharged 14755 | -4/Waste | Destroyed C-40 Crusher 14785 | -4/Waste | Spotted C-40 Crusher 14802 | -4/Waste | Allies destroyed C-40 Crusher 14803 | -4/Waste | Destroyed C-40 Crusher 14824 | -4/Waste | Spotted C-40 Crusher 14825 | -4/Waste | Spotted C-40 Crusher 14842 | -4/Waste | Allies destroyed C-40 Crusher 14849 | -4/Waste | EMP discharged 14849 | -4/Waste | System corruption reached 10% 14856 | -4/Waste | Spotted C-40 Crusher 14879 | -4/Waste | Destroyed C-40 Crusher 14910 | -4/Waste | Destroyed C-40 Crusher 14923 | -4/Waste | Build established: Scavenger-Gunner 14936 | -4/Waste | Discovered new exit (range 15) 14942 | -4/Waste | Entered Factory 15013 | -4/Factory | Lost 6 parts (2n1u3w) 15146 | -4/Factory | Discovered new exit (range 8) 15169 | -4/Factory | Entered Research 15169 | -3/Research | Evolved 2 slots: Propulsion x1, Utility x1 15242 | -3/Research | Build established: Bothacker-Gunner 15538 | -3/Research | Crushed by falling debris 15842 | -3/Research | Identified exit to Garrison 15856 | -3/Research | Entered Garrison 15860 | -3/Garrison | Expanded RIF knowledge: Robot Detection 15916 | -3/Garrison | Build established: Scavenger-Gunner 15947 | -3/Garrison | Found Gamma Bomb Array 15972 | -3/Garrison | Found Gamma Bomb Array 15981 | -3/Garrison | Spotted B-86 Titan 16038 | -3/Garrison | Destroyed B-86 Titan 16074 | -3/Garrison | Found Gamma Bomb Array 16076 | -3/Garrison | Found Gamma Bomb Array 16095 | -3/Garrison | Lost 6 parts (2n1u3w) 16172 | -3/Garrison | Triggered checkpoint 16326 | -3/Garrison | Discovered new exit (range 13) 16337 | -3/Garrison | Phase Generator disabled 16374 | -3/Garrison | Triggered checkpoint 16411 | -3/Garrison | Garrison Relay disabled 16428 | -3/Garrison | Triggered checkpoint 16454 | -3/Garrison | Entered Research 16469 | -3/Research | Lost 15 parts (2p4n6u3w) 16702 | -3/Research | Found Gamma Bomb Array 17041 | -3/Research | Core integrity fell below 50% 17079 | -3/Research | System corruption reached 10% 17106 | -3/Research | Core integrity fell below 20% 17122 | -3/Research | Destroyed by Y-72 Warden with Railgun Last Messages --------------- 17102_ System corrupted: IFF burst signal emitted. 17105_ Penetrated by Slug. 17105_ Imp. Gyrokinetic Inverter destroyed. 17108_ Penetrated by Slug. 17108_ Slug penetrates Wall. 17108_ Acquired KE Penetrator. 17111_ Slug penetrates Recycling Unit. 17112_ System corrupted: KE Penetrator targeting data glitched. 17112_ Slug penetrates Y-72 Warden. 17115_ System corrupted: KE Penetrator targeting data glitched. 17115_ Slug penetrates Recycling Unit. 17115_ Slug penetrates Wall. 17115_ P-80 Master resets P-80 Master, system corruption cleaned. 17117_ KE Penetrator destroyed. 17118_ Relay Coupler [NC] destroyed. 17118_ Slug penetrates Y-72 Warden. 17119_ Slug penetrates L-61 Swordsman. 17119_ Slug penetrates Wall. 17119_ Adv. Target Analyzer destroyed. 17121_ Relay Coupler [Grunt] destroyed. Map ----- +----------------------------------------------------+ | #???????? ???????????????? ??????????????????? | | #???????? ???????????????????????????????????? | | === #???????? ???????????????????????????????????? | | #####???????? ???????????????????????????????????? | | ????????????? ????????????????????????????######+? | | ????????????? ????????????????????????????# ?? | | ??????????????????????????????????????????# ? | | ??????????????????????????????????????????# """" | | ??????????????????????????????????????????# """" | | ??????????????????????????????????????????# """" | | ??????????????????????????????????????????# | | ??????????????????????????????????????????# | | ??????????????????????????????????????????# """" | | ????????????? ########################### """" | | ???????????? / """" | | ???????????? ############# = | | ???????????? #???????????# % | | ???????????? #???????????######## | | ??????????????#############/#########????????????? | | ???????????????????# p #????????????? | | ???????????????????# g ##???????????? | | ???????????????????# ps #???????????? | | ???????????????????# Y ##???????????? | | ???????????????????# g " " #????????????? | | #?????????????????# *pl "Y" #????????????? | | #?????????????????# **@ """ #????????????? | | #?????????????????# **[ #????????????? | | ##?????????????????# #????????????? | | ???????????????????##################????????????? | | | | | | | | | | | | | | | | | | | | | | | | | | | | | | | | | | | | | | | | | | | +----------------------------------------------------+ Best States ------------- Heat Dissipation 91 Coolant Potential 160 Energy Generation 41 Energy Capacity 1190 Matter Stores 535 Matter Capacity 550 Sight Range 16 Terrain Scan Density 60 Cloak Strength 2 Armor Coverage 450 Resistance: TH 15 Resistance: EM 20 Propulsion Shielding 66 Utility Shielding 33 Weapon Shielding 66 Point Defense Rating 80 Phase Shifting 10 Evasion (%) 80 Targeting Accuracy 18 Target Analysis 8 Core Analysis 8 Recoil Reduction 5 Particle Charging 50 Salvage Targeting 3 Offensive Hacking 10 Defensive Hacking 12 Item Schematics ----------------- Imp. EM Shotgun | -9/Materials | Scanalyzed Lgt. Treads | -9/Materials | Scanalyzed Hrd. Medium Armor Plating | -9/Materials | Scanalyzed Imp. Shock Absorption System | -4/Factory | Extracted Hvy. Neutron Cannon | -4/Factory | Extracted Adv. ECM Suite | -4/Factory | Extracted Adv. Salvage Targeting Computer | -4/Factory | Extracted Fission Core | -4/Factory | Extracted Imp. Linear Gravjet | -4/Factory | Extracted Maneuvering Thrusters | -4/Factory | Extracted Imp. Particle Charger | -4/Factory | Extracted Robot Schematics ------------------ None Fabricated ------------ Stasis Projector | x2 | -5/Factory | Preloaded Alien Tech Used ----------------- None Achievements -------------- Assimilation Complete Can't Touch This Factory Defaults Infiltrator Project G-00 Revising The Future Challenges ------------ None Game ------ Seed MyomerSubatomicMatrix Manual? 0 Play Time 06:05:57 Cumulative 39.2 hours Start 2020.04.15 @ 10:32:41 End 2020.04.20 @ 08:58:03 Sessions 17 Manual Loads 0 Difficulty Rogue Special Mode None Game No. 12 Rogue 12 Adventurer 0 Explorer 0 Win Type - Total 2 Types 1/0/0/1/0/0/0 Lore% 41 Gallery% 44 Achievement% 41 Wizard Run 0 Options --------- ASCII 1 Keyboard 0 Movement Numpad Keybinds 0 Fullscreen 1 Font 18/SmallcapsGlow Map View 76x50 Tactical HUD 1 Map Filters NONE Filters NONE Steam 1 RUN: 91e6d1b8-c2ff-40fe-92b3-121fd598d064